 Dungeon Crawl Stone Soup version 0.29.1-1-gd02db6906a (webtiles) character file.

Game seed: 11735236510133104021

98 groovy9 the Shooter (level 5, -9/38 HPs)
             Began as a Formicid Hunter on Sept 18, 2022.
             Killed by divine providence
             ... invoked by an orc priest
              (14 damage)
             ... on level 2 of the Dungeon.
             The game lasted 00:03:52 (1713 turns).

groovy9 the Shooter (Formicid Hunter)               Turns: 1713, Time: 00:03:53

Health: -9/38      AC:  3    Str: 16    XL:     5   Next: 0%
Magic:  14/14      EV: 12    Int:  8    God:
Gold:   73         SH:  0    Dex: 19    Spells: 4/4 levels left

rFire   . . .      SeeInvis +   a - +0 shortbow
rCold   . . .      Faith    .   (no shield)
rNeg    . . .      Spirit   .   c - +0 leather armour
rPois   .          Reflect  .   (helmet unavailable)
rElec   .          Harm     .   (no cloak)
rCorr   .          Rampage  .   (no gloves)
Will    .....                   (no boots)
Stlth   ++........              e - amulet of the acrobat
HPRegen 0.12/turn               h - ring of magical power
MPRegen 0.14/turn               (no ring)

@: no status effects
A: permanent stasis, dig shafts and tunnels, antennae 3, four strong arms
a: Dig, Shaft Self


You were on level 2 of the Dungeon.
You visited 1 branch of the dungeon, and saw 3 of its levels.

You collected 73 gold pieces.

Inventory:

Hand Weapons
 a - a +0 shortbow (weapon)
Armour
 c - a +0 leather armour (worn)
Jewellery
 e - an amulet of the acrobat (around neck)
 h - a ring of magical power (left hand)
Scrolls
 b - 2 scrolls of immolation
 g - a scroll of torment {unknown}
 i - 2 scrolls of identify {unknown}
 j - 3 scrolls of noise
 k - a scroll of silence {unknown}
 m - 3 scrolls of enchant weapon {unknown}
Potions
 f - 2 potions of curing {unknown}
 l - 2 potions of degeneration {unknown}


   Skills:
 - Level 2.1 Fighting
 + Level 5.9 Ranged Weapons
 - Level 1.7 Dodging
 - Level 1.2 Stealth


You had 4 spell levels left.
You didn't know any spells.
Your spell library contained the following spells:

 Spells                   Type           Power      Damage    Failure   Level
 Portal Projectile        Hex/Tloc       0%         N/A       85%         3
 Tukima's Dance           Hex            0%         N/A       85%         3
 Summon Ice Beast         Ice/Summ       0%         N/A       99%         4
 Blade Hands              Tmut           0%         N/A       100%        5
 Summon Mana Viper        Hex/Summ       0%         N/A       100%        5
 Monstrous Menagerie      Summ           0%         N/A       100%        7


Dungeon Overview and Level Annotations

Branches:
Dungeon (3/15)

Altars:

Shops:
D:1 [


Innate Abilities, Weirdness & Mutations

You cannot be hasted, slowed, berserked, paralysed or teleported.
You can dig through walls and to a lower floor.
You have a pair of large antennae on your head. (SInv)
Your four strong arms can wield two-handed weapons with a shield.


Message History

As you read the scroll labelled TOUFOQEIPPA, it crumbles to dust.
You feel a strange sense of stasis.
It was a scroll of teleportation.
Okay, then.
You drop a scroll of teleportation.
As you read the scroll labelled JIHEGU CURA, it crumbles to dust.
You hear a loud clanging noise!
It was a scroll of noise.
You hear a shout! x5
An orc priest comes into view. It is wielding a +0 flail.
You shoot an arrow. The arrow hits the orc priest.
The orc priest is lightly wounded.
The orc priest calls down the wrath of Beogh upon you.
Beogh smites you!
You are too injured to fight recklessly!
The orc priest hits you with a +0 flail!
You climb upwards.
There is a stone staircase leading down here.
Fire: a) +0 shortbow
Press: ? - help, Q - select action, (/) - cycle Shift-Dir - straight line, f - orc priest
Aim: an orc priest, wielding a +0 flail (lightly wounded, 64% to hit)
You shoot an arrow. The arrow hits the orc priest.
The orc priest is moderately wounded.
The orc priest invokes the aid of Beogh against you.
Pain shoots through your body!
* * * LOW HITPOINT WARNING * * *
Okay, then.
Fire: a) +0 shortbow
Press: ? - help, Q - select action, (/) - cycle Shift-Dir - straight line, f/p - orc priest
Aim: an orc priest, wielding a +0 flail (moderately wounded, 64% to hit)
You shoot an arrow.
The arrow closely misses the orc priest.
The orc priest miscasts a cantrip.
Fire: a) +0 shortbow
Press: ? - help, Q - select action, (/) - cycle Shift-Dir - straight line, f/p - orc priest
Aim: an orc priest, wielding a +0 flail (moderately wounded, 64% to hit)
You shoot an arrow. The arrow hits the orc priest!
The orc priest is almost dead.
The orc priest calls down the wrath of Beogh upon you.
Beogh smites you!
You die...

###### #..(.# ###....# #......#
##### #...#### ###### #.... #...#
########....# #.##.
##...#####.....o...#.########.##.
................@#.#..........#..
##...#####.###........#########.#
##..####.###.##.........<...#...#
......#.#_#.#...........###.#.###
..####.###.####.........# #...#
..######.###.....#......# #####
...........))....#......#
..###.######.....#......# ..# #.#
#............#


You could see an orc priest.

Vanquished Creatures
  Robin (D:2)
  2 adders (D:2)
  2 worms (D:2)
  6 endoplasms
  2 giant cockroaches (D:2)
  13 goblins
  7 hobgoblins
  3 kobolds
  2 quokkas (D:2)
  7 ball pythons
  6 bats
  4 frilled lizards
  2 rats
57 creatures vanquished.

Notes
Turn   | Place    | Note
-------+----------+-------------------------------------------
     0 | D:1      | groovy9 the Formicid Hunter began the quest for the Orb.
     0 | D:1      | Reached XP level 1. HP: 16/16 MP: 1/1
   161 | D:1      | Reached XP level 2. HP: 22/22 MP: 2/2
   350 | D:1      | Found Wiupn's Armour Shoppe.
   850 | D:2      | Reached XP level 3. HP: 27/27 MP: 3/3
   852 | D:2      | Noticed Robin
   857 | D:2      | Reached skill level 5 in Ranged Weapons
   877 | D:2      | Killed Robin
  1052 | D:2      | Reached XP level 4. HP: 33/33 MP: 4/4
  1140 | D:2      | Found a faded altar of an unknown god.
  1699 | D:3      | Reached XP level 5. HP: 38/38 MP: 5/5
  1713 | D:2      | Killed from afar by an orc priest

Illustrated notes

Levels and vault maps discovered:
D:1:      matt_arrival_grand_opening, layout_loops_ring, serial_shops, shop,
          serial_forest, infiniplex_forest_clump_medium,
          infiniplex_forest_lined_2, infiniplex_forest_zigzag_1,
          infiniplex_forest_straight_4, infiniplex_forest_clump_tiny,
          infiniplex_forest_end_1
D:2:      kennysheep_six_static_rooms, layout_basic,
          chequers_ecumenical_altar_twisty, uniq_robin
D:3:      layout_rooms, grunt_decor_one_mirror, small_statue_intersection,
          minmay_crystal_water, hangedman_abyss_or_decor_lesser_grid,
          due_unseen_surprise, uniq_crazy_yiuf_cottage

Skill      XL: |  1  2  3 |
---------------+----------+-----
Ranged Weapons | 5 |  5.9
Fighting       | |  2.1
Dodging        | |  1.7
Stealth        | |  1.2

Action                   |  1- 3 |  4- 6 || total
-------------------------+-------+-------++-------
 Fire: Shortbow          |    59 |    72 ||   131
 Abil: Dig               |     2 |       ||     2
  Use: Scroll            |       |     2 ||     2
Armor: Leather armour    |     5 |     5 ||    10
Dodge: Dodged            |    16 |    41 ||    57
